Punishers vs Eagles

Created - July 14, 2022 at 19:17

Goals
1 2 3 T
Punishers 0 1 1 2
Eagles 1 0 4 5
Shots
1 2 3 T
Punishers 15 6 17 38
Eagles 12 9 10 31

1st period

1. Eagles , Jonathan Marchessault 3 (Nick Cousins 5, Connor Carrick 3) at 14:38 (SH)

Penalties :
Drake Caggiula (Col) for Hooking (Minor) at 13:08, Jared McCann (Col) for Cross-checking (Minor) at 19:03

2nd period

2. Punishers , Radek Faksa 2 (Artem Zub 2, Brett Kulak 2) at 0:16 (PP)

Penalties :
Joseph Blandisi (Col) for Hooking (Minor) at 7:40, Nick Cousins (Col) for Unsportsmanlike conduct (Minor) at 12:58

3rd period

3. Eagles , Tyler Motte 1 (Sam Steel 1, Zach Aston-Reese 1) at 11:11
4. Eagles , Jonathan Marchessault 4 (Nick Cousins 6, Daniel Carr 3) at 14:19
5. Eagles , Zach Aston-Reese 3 (Jarred Tinordi 1, Stefan Elliott 6) at 16:05
6. Punishers , Corey Tropp 4 (Brett Kulak 3) at 16:55
7. Eagles , Nick Cousins 2 (Ryan Murphy 2) at 17:29

Penalties :
Nick Cousins (Col) for Holding (Minor) at 9:01

Goalie Stats

Louis Domingue (Pro), 26 saves from 31 shots - (0.839), L, 1-4-0, 60:00 minutes
Marek Mazanek (Col), 36 saves from 38 shots - (0.947), W, 4-0-0, 60:00 minutes

Players Stats for Punishers

Player Name              G  A  P  +/- PIM S  H  SB GA TA FO     MP     PP MP  PK MP  
------------------------------------------------------------------------------------
Alex Schoenborn          0  0  0   0  0   0  0  0  0  0  2/2     4:00   0:09   0:00 
Alexander Nylander       0  0  0   0  0   0  0  0  0  0  0/0     0:09   0:09   0:00 
Anton Blidh              0  0  0  -2  0   2  0  0  2  0  0/0    11:54   0:00   0:00 
Artem Zub                0  1  1  -1  0   4  1  1  0  1  0/0    27:02   5:26   0:00 
Austen Brassard          0  0  0  -2  0   2  2  2  1  0  0/0    12:03   0:09   0:00 
Austin Wagner            0  0  0   0  0   0  0  0  0  0  0/0     0:00   0:00   0:00 
Beck Malenstyn           0  0  0  -1  0   1  0  0  0  0  0/0     6:43   0:00   0:00 
Ben Betker               0  0  0  -3  0   4  0  0  0  0  0/0    20:11   3:43   0:00 
Brett Kulak              0  2  2  -1  0   4  3  2  1  0  0/0    27:02   5:26   0:00 
Carter Ashton            0  0  0  -1  0   3  2  0  1  0  0/2    19:03   3:48   0:00 
Corey Tropp              1  0  1   0  0   3  2  0  0  0  0/2    22:11   5:12   0:00 
Daniel Audette           0  0  0  -2  0   0  1  0  0  0  4/6    11:54   0:00   0:00 
Gabriel Gagne            0  0  0   0  0   0  0  0  0  0  0/0     0:00   0:00   0:00 
John Hayden              0  0  0  -1  0   5  0  0  0  0  0/1     6:43   0:00   0:00 
John Quenneville         0  0  0  -1  0   2  0  0  0  0  7/11   19:03   3:48   0:00 
Michael Joly             0  0  0  -1  0   2  2  1  0  0  0/1    15:39   0:00   0:00 
Nicolas Roy              0  0  0   0  0   0  0  0  0  0  0/0     0:00   0:00   0:00 
Niko Mikkola             0  0  0   0  0   0  2  1  0  0  0/0    12:47   0:00   0:00 
Noah Juulsen             0  0  0  -3  0   1  2  1  0  1  0/0    20:11   3:43   0:00 
Oskar Lindblom           0  0  0  -1  0   3  3  1  0  1  0/0    19:03   3:48   0:00 
Phillip Danault          0  0  0   0  0   0  0  3  0  1  0/0    22:11   5:12   0:00 
Radek Faksa              1  0  1   0  0   2  0  1  0  0  17/36  22:11   5:12   0:00 

Players Stats for Eagles

Player Name              G  A  P  +/- PIM S  H  SB GA TA FO     MP     PP MP  PK MP  
------------------------------------------------------------------------------------
Anthony Duclair          0  0  0  -1  0   0  1  1  0  0  0/0    14:43   0:00   1:23 
Connor Carrick           0  1  1   1  0   0  0  3  0  1  0/0    13:29   0:00   3:36 
Daniel Carr              0  1  1   2  0   2  2  0  1  0  7/11   23:19   0:00   5:14 
Drake Caggiula           0  0  0  -1  2   0  0  1  1  0  4/11   14:51   0:00   0:34 
Jared McCann             0  0  0   0  2   2  0  1  0  0  2/5    10:41   0:00   0:00 
Jarred Tinordi           0  1  1   1  0   3  2  0  0  1  0/0    20:02   0:00   0:00 
John Ramage              0  0  0   1  0   1  2  2  0  0  0/0    21:15   0:00   5:33 
Jonathan Marchessault    2  0  2   3  0   6  2  2  1  0  12/25  20:12   0:00   2:59 
Jonathan Racine          0  0  0   1  0   0  1  0  0  0  0/0     5:14   0:00   0:00 
Joseph Blandisi          0  0  0   0  2   2  1  0  0  0  0/0    12:30   0:00   1:21 
Keaton Middleton         0  0  0   1  0   0  0  0  0  0  0/0     5:14   0:00   0:00 
Matteson Iacopelli       0  0  0   0  0   0  1  0  0  0  0/0    10:42   0:00   0:00 
Nick Cousins             1  2  3   3  4   4  2  1  1  0  1/3    19:02   0:00   1:29 
Ryan Murphy              0  1  1   0  0   1  2  1  0  0  0/0    18:40   0:00   3:36 
Sam Steel                0  1  1   2  0   1  1  0  0  0  0/1     8:16   0:00   0:00 
Stefan Elliott           0  1  1   2  0   1  2  0  0  2  0/0    26:22   0:00   5:33 
Tomas Tatar              0  0  0  -1  0   1  1  1  0  0  1/1    19:58   0:00   5:18 
Tyler Motte              1  0  1   2  0   2  1  0  0  0  1/1     8:16   0:00   0:00 
Xavier Ouellet           0  0  0   1  0   1  2  1  0  1  0/0     9:44   0:00   0:00 
Zach Aston-Reese         1  1  2   2  0   4  0  0  0  0  3/3     8:16   0:00   0:00 

3 Stars

1 - Jonathan Marchessault (Col)
2 - Nick Cousins (Col)
3 - Zach Aston-Reese (Col)

Power Play

Punishers - 1 on 5 Attempt(s) - 20.00%
Eagles - 0 on 0 Attempt(s) - 0.00%

Penalty Kill

Punishers - 0 on 0 Attempt(s) - 0.00% - Score 0 goal in Penalty Kill
Eagles - 4 on 5 Attempt(s) - 80.00% - Score 1 goal in Penalty Kill

Team Stat

Punishers - Hits : 20 - Faceoff Wins : 30 - Blocked Shots : 13 - Penalty Minutes : 0
Eagles - Hits : 23 - Faceoff Wins : 31 - Blocked Shots : 14 - Penalty Minutes : 10

Official

Referees : Conor O'Donnell and Wes McCauley
Linesman : Kyle Flemington and Travis Toomey

Game Notes

No Game Note

Finance

Level 1 -- Attendance: 2000 (100.00%) -- Ticket Income $70,000
Level 2 -- Attendance: 1000 (100.00%) -- Ticket Income $15,000
Total Attendance: 3000 (100.00%)
Total Ticket Income: $85,000
Other Income: $4,250
Total Income: $89,250

Punishers

5 vs 5 Forward 
   Center                   Left Wing                Right Wing               Time % Phy DF OF 
 1 Radek Faksa              Phillip Danault          Corey Tropp              40     0   2  3  
 2 John Quenneville         Oskar Lindblom           Carter Ashton            30     0   2  3  
 3 Daniel Audette           Anton Blidh              Austen Brassard          20     0   2  3  
 4 John Hayden              Beck Malenstyn           Michael Joly             10     0   2  3  

5 vs 5 Defense 
   Defense                  Defense                                           Time % Phy DF OF 
 1 Brett Kulak              Artem Zub                                         40     1   2  2  
 2 Ben Betker               Noah Juulsen                                      30     1   2  2  
 3 Niko Mikkola             Michael Joly                                      20     1   2  2  
 4 Brett Kulak              Artem Zub                                         10     1   2  2  

PowerPlay Forward 
   Center                   Left Wing                Right Wing               Time % Phy DF OF 
 1 Radek Faksa              Phillip Danault          Corey Tropp              60     1   2  2  
 2 John Quenneville         Oskar Lindblom           Carter Ashton            40     1   2  2  

PowerPlay Defense
   Defense                  Defense                                           Time % Phy DF OF 
 1 Brett Kulak              Artem Zub                                         60     1   2  2  
 2 Ben Betker               Noah Juulsen                                      40     1   2  2  

Penalty Kill 4 Players Forward 
   Center                   Wing                     Time % Phy DF OF 
 1 Corey Tropp              Radek Faksa              60     1   2  2  
 2 Carter Ashton            Phillip Danault          40     1   2  2  

Penalty Kill 4 Players Defense
   Defense                  Defense                  Time % Phy DF OF 
 1 Brett Kulak              Artem Zub                60     1   2  2  
 2 Ben Betker               Noah Juulsen             40     1   2  2  

Penalty Kill - 3 Players Forward 
   Forward                                           Time % Phy DF OF 
 1 Corey Tropp                                       60     1   2  2  
 2 Radek Faksa                                       40     1   2  2  

Penalty Kill - 3 Players Defense
   Defense                  Defense                  Time % Phy DF OF 
 1 Brett Kulak              Artem Zub                60     1   2  2  
 2 Ben Betker               Noah Juulsen             40     1   2  2  

4 vs 4 Forward 
   Center                   Wing                     Time % Phy DF OF 
 1 Corey Tropp              Radek Faksa              60     1   2  2  
 2 Carter Ashton            Phillip Danault          40     1   2  2  

4 vs 4 Defense
   Defense                  Defense                  Time % Phy DF OF 
 1 Brett Kulak              Artem Zub                60     1   2  2  
 2 Ben Betker               Noah Juulsen             40     1   2  2  

Last Minutes Offensive
   Center                   Left Wing                Right Wing               Defense                  Defense                  
   Radek Faksa              Phillip Danault          Corey Tropp              Brett Kulak              Artem Zub                

Last Minutes Defensive
   Center                   Left Wing                Right Wing               Defense                  Defense                  
   Radek Faksa              Phillip Danault          Corey Tropp              Brett Kulak              Artem Zub                

Goaltenders
Starting : Louis Domingue           
Backup : Daniel Altshuller        

Extra Forwards
Normal : Alex Schoenborn, Alexander Nylander, Gabriel Gagne - PP : Alex Schoenborn, Alexander Nylander - PK : Gabriel Gagne
Extra Defensemen
Normal : Niko Mikkola, Ben Betker, Noah Juulsen - PP : Niko Mikkola - PK : Ben Betker, Noah Juulsen
Penalty Shots
Corey Tropp, Radek Faksa, Carter Ashton, Phillip Danault, John Quenneville

Scratches
Connor Clifton (Healthy), Fredrik Claesson (Healthy), Zack Hamill (Healthy), Connor Ingram (Healthy)

Eagles

5 vs 5 Forward 
   Center                   Left Wing                Right Wing               Time % Phy DF OF 
 1 Jonathan Marchessault    Daniel Carr              Nick Cousins             40     1   2  2  
 2 Drake Caggiula           Tomas Tatar              Anthony Duclair          30     1   2  2  
 3 Jared McCann             Joseph Blandisi          Matteson Iacopelli       20     1   2  2  
 4 Zach Aston-Reese         Tyler Motte              Sam Steel                10     1   2  2  

5 vs 5 Defense 
   Defense                  Defense                                           Time % Phy DF OF 
 1 Stefan Elliott           Jarred Tinordi                                    40     1   2  2  
 2 Ryan Murphy              John Ramage                                       30     1   2  2  
 3 Connor Carrick           Xavier Ouellet                                    20     1   2  2  
 4 Keaton Middleton         Jonathan Racine                                   10     1   2  2  

PowerPlay Forward 
   Center                   Left Wing                Right Wing               Time % Phy DF OF 
 1 Jonathan Marchessault    Daniel Carr              Nick Cousins             60     1   2  2  
 2 Drake Caggiula           Tomas Tatar              Anthony Duclair          40     1   2  2  

PowerPlay Defense
   Defense                  Defense                                           Time % Phy DF OF 
 1 Stefan Elliott           John Ramage                                       60     1   2  2  
 2 Ryan Murphy              Connor Carrick                                    40     1   2  2  

Penalty Kill 4 Players Forward 
   Center                   Wing                     Time % Phy DF OF 
 1 Daniel Carr              Tomas Tatar              60     1   2  2  
 2 Jonathan Marchessault    Nick Cousins             40     1   2  2  

Penalty Kill 4 Players Defense
   Defense                  Defense                  Time % Phy DF OF 
 1 Stefan Elliott           John Ramage              60     1   2  2  
 2 Ryan Murphy              Connor Carrick           40     1   2  2  

Penalty Kill - 3 Players Forward 
   Forward                                           Time % Phy DF OF 
 1 Daniel Carr                                       60     1   2  2  
 2 Tomas Tatar                                       40     1   2  2  

Penalty Kill - 3 Players Defense
   Defense                  Defense                  Time % Phy DF OF 
 1 Stefan Elliott           John Ramage              60     1   2  2  
 2 Ryan Murphy              Connor Carrick           40     1   2  2  

4 vs 4 Forward 
   Center                   Wing                     Time % Phy DF OF 
 1 Daniel Carr              Tomas Tatar              60     1   2  2  
 2 Jonathan Marchessault    Nick Cousins             40     1   2  2  

4 vs 4 Defense
   Defense                  Defense                  Time % Phy DF OF 
 1 Stefan Elliott           John Ramage              60     1   2  2  
 2 Ryan Murphy              Connor Carrick           40     1   2  2  

Last Minutes Offensive
   Center                   Left Wing                Right Wing               Defense                  Defense                  
   Jonathan Marchessault    Daniel Carr              Nick Cousins             Stefan Elliott           John Ramage              

Last Minutes Defensive
   Center                   Left Wing                Right Wing               Defense                  Defense                  
   Jonathan Marchessault    Daniel Carr              Nick Cousins             Stefan Elliott           John Ramage              

Goaltenders
Starting : Marek Mazanek            
Backup : Adin Hill                

Extra Forwards
Normal : Tyler Motte, Sam Steel, Joseph Blandisi - PP : Tyler Motte, Sam Steel - PK : Joseph Blandisi
Extra Defensemen
Normal : Jonathan Racine, Xavier Ouellet, Keaton Middleton - PP : Jonathan Racine - PK : Xavier Ouellet, Keaton Middleton
Penalty Shots
Daniel Carr, Tomas Tatar, Jonathan Marchessault, Nick Cousins, Joseph Blandisi

Scratches
Chris Calhan (Healthy), Dominik Kubalik (Healthy), Mark Friedman (Healthy), Michael Dal Colle (Healthy), Pius Suter (Healthy)
Max Lajoie (Healthy), Pascal Laberge (Healthy), Antoine Bibeau (Healthy)

% Time on Ice - Punishers

Lines # - Real PCT - Wanted PCT - Time Play
Normal Forward
1 - 33% - 40% - 16:59
2 - 30% - 30% - 15:15
3 - 23% - 20% - 11:54
4 - 13% - 10% - 6:43
Normal Defense
1 - 38% - 40% - 19:13
2 - 32% - 30% - 16:28
3 - 25% - 20% - 12:47
4 - 5% - 10% - 2:23
PP Forward
1 - 58% - 60% - 5:21
2 - 42% - 40% - 3:48
PP Defense
1 - 59% - 60% - 5:26
2 - 41% - 40% - 3:43
PK Forward
1 - 0% - 60%
2 - 0% - 40%
PK Defense
1 - 0% - 60%
2 - 0% - 40%
PK3 Forward
1 - 0% - 60%
2 - 0% - 40%
PK3 Defense
1 - 0% - 60%
2 - 0% - 40%
44 Forward
1 - 0% - 60%
2 - 0% - 40%
44 Defense
1 - 0% - 60%
2 - 0% - 40%
Last Minute Offensive  - 0:00
Last Minute Defensive  - 0:00
Total
Forward - 60:00
Defense - 60:00

% Time on Ice - Eagles

Lines # - Real PCT - Wanted PCT - Time Play
Normal Forward
1 - 36% - 40% - 18:05
2 - 27% - 30% - 13:48
3 - 21% - 20% - 10:42
4 - 16% - 10% - 8:16
Normal Defense
1 - 41% - 40% - 20:49
2 - 30% - 30% - 15:04
3 - 19% - 20% - 9:44
4 - 10% - 10% - 5:14
PP Forward
1 - 0% - 60%
2 - 0% - 40%
PP Defense
1 - 0% - 60%
2 - 0% - 40%
PK Forward
1 - 67% - 60% - 6:10
2 - 33% - 40% - 2:59
PK Defense
1 - 61% - 60% - 5:33
2 - 39% - 40% - 3:36
PK3 Forward
1 - 0% - 60%
2 - 0% - 40%
PK3 Defense
1 - 0% - 60%
2 - 0% - 40%
44 Forward
1 - 0% - 60%
2 - 0% - 40%
44 Defense
1 - 0% - 60%
2 - 0% - 40%
Last Minute Offensive  - 0:00
Last Minute Defensive  - 0:00
Total
Forward - 60:00
Defense - 60:00

Play-by-Play

1st period


0:01 of 1st period - Radek Faksa wins face-off versus Jonathan Marchessault in neutral zone.
0:12 of 1st period - Slapshot by Corey Tropp.
0:12 of 1st period - Shot Misses the Net.
0:14 of 1st period - Snap shot by Brett Kulak.
0:14 of 1st period - Stopped by Marek Mazanek without a rebound.
0:15 of 1st period - John Quenneville wins face-off versus Drake Caggiula in Eagles zone.
0:16 of 1st period - Snap shot by Carter Ashton.
0:16 of 1st period - Shot Misses the Net.
0:31 of 1st period - Off-side.
0:32 of 1st period - Daniel Audette wins face-off versus Jared McCann in neutral zone.
0:59 of 1st period - Radek Faksa is hit by Xavier Ouellet and loses puck.
1:16 of 1st period - Jonathan Marchessault is hit by Brett Kulak and loses puck.
1:44 of 1st period - Icing by Anthony Duclair.
1:45 of 1st period - Radek Faksa wins face-off versus Drake Caggiula in Eagles zone.
1:50 of 1st period - Slapshot by Radek Faksa.
1:50 of 1st period - Shot Blocked by Anthony Duclair.
1:52 of 1st period - Snap shot by Corey Tropp.
1:52 of 1st period - Shot Blocked by Xavier Ouellet.
1:54 of 1st period - Slapshot by Brett Kulak.
1:54 of 1st period - Shot Blocked by Drake Caggiula.
1:56 of 1st period - Wrist shot by Corey Tropp.
1:56 of 1st period - Shot Misses the Net.
1:58 of 1st period - Wrist shot by Phillip Danault.
1:58 of 1st period - Shot Blocked by Connor Carrick.
2:35 of 1st period - Wrist shot by Joseph Blandisi.
2:35 of 1st period - Shot Misses the Net.
2:37 of 1st period - Slapshot by Connor Carrick.
2:37 of 1st period - Shot Blocked by Noah Juulsen.
2:48 of 1st period - Off-side.
2:49 of 1st period - Alex Schoenborn wins face-off versus Jonathan Marchessault in neutral zone.
2:58 of 1st period - Snap shot by Alex Schoenborn.
2:58 of 1st period - Shot Misses the Net.
3:37 of 1st period - Snap shot by John Quenneville.
3:37 of 1st period - Shot Blocked by John Ramage.
3:55 of 1st period - Jonathan Racine is hit by Austen Brassard and loses puck.
4:17 of 1st period - Corey Tropp is hit by Nick Cousins and loses puck.
4:48 of 1st period - Snap shot by John Hayden.
4:48 of 1st period - Stopped by Marek Mazanek with a rebound.
4:50 of 1st period - Slapshot by Noah Juulsen.
4:50 of 1st period - Shot Misses the Net.
5:00 of 1st period - Brett Kulak is hit by Tyler Motte and loses puck.
5:25 of 1st period - Snap shot by Joseph Blandisi.
5:25 of 1st period - Stopped by Louis Domingue with a rebound.
5:27 of 1st period - Wrist shot by Joseph Blandisi.
5:27 of 1st period - Shot Blocked by Brett Kulak.
5:29 of 1st period - Slapshot by Stefan Elliott.
5:29 of 1st period - Stopped by Louis Domingue without a rebound.
5:30 of 1st period - Jonathan Marchessault wins face-off versus Radek Faksa in Punishers zone.
5:37 of 1st period - Snap shot by Daniel Carr.
5:37 of 1st period - Stopped by Louis Domingue without a rebound.
5:38 of 1st period - Radek Faksa wins face-off versus Jonathan Marchessault in Punishers zone.
5:45 of 1st period - Snap shot by Radek Faksa.
5:45 of 1st period - Shot Hit the Post.
5:47 of 1st period - Slapshot by Radek Faksa.
5:47 of 1st period - Shot Misses the Net.
5:49 of 1st period - Slapshot by Corey Tropp.
5:49 of 1st period - Deflect By Radek Faksa.
5:49 of 1st period - Shot Blocked by Jonathan Marchessault.
5:49 of 1st period - Puck is out of play.
5:50 of 1st period - Jonathan Marchessault wins face-off versus Radek Faksa in Eagles zone.
5:59 of 1st period - Snap shot by Corey Tropp.
5:59 of 1st period - Shot Misses the Net.
6:01 of 1st period - Slapshot by Artem Zub.
6:01 of 1st period - Stopped by Marek Mazanek with a rebound.
6:22 of 1st period - Slapshot by John Quenneville.
6:22 of 1st period - Shot Misses the Net.
6:38 of 1st period - Slapshot by Joseph Blandisi.
6:38 of 1st period - Stopped by Louis Domingue with a rebound.
6:56 of 1st period - Wrist shot by Michael Joly.
6:56 of 1st period - Stopped by Marek Mazanek without a rebound.
6:57 of 1st period - Tyler Motte wins face-off versus Michael Joly in Eagles zone.
6:57 of 1st period - Tyler Motte is hit by Brett Kulak.
7:35 of 1st period - Off-side.
7:36 of 1st period - Jonathan Marchessault wins face-off versus Corey Tropp in neutral zone.
7:42 of 1st period - Off-side.
7:43 of 1st period - Jonathan Marchessault wins face-off versus Radek Faksa in neutral zone.
7:59 of 1st period - Wrist shot by Jonathan Marchessault.
7:59 of 1st period - Stopped by Louis Domingue with a rebound.
8:45 of 1st period - Icing by Brett Kulak.
8:46 of 1st period - Daniel Audette wins face-off versus Jonathan Marchessault in Punishers zone.
8:59 of 1st period - Snap shot by Daniel Carr.
8:59 of 1st period - Stopped by Louis Domingue with a rebound.
9:39 of 1st period - Drake Caggiula is hit by Corey Tropp.
10:08 of 1st period - Slapshot by Jonathan Marchessault.
10:08 of 1st period - Shot Hit the Post.
10:30 of 1st period - Michael Joly is hit by Sam Steel and loses puck.
11:03 of 1st period - Snap shot by Anthony Duclair.
11:03 of 1st period - Shot Misses the Net.
11:23 of 1st period - Wrist shot by Jonathan Marchessault.
11:23 of 1st period - Stopped by Louis Domingue without a rebound.
11:24 of 1st period - Alex Schoenborn wins face-off versus Jonathan Marchessault in Punishers zone.
11:45 of 1st period - Slapshot by Anthony Duclair.
11:45 of 1st period - Shot Hit the Post.
11:47 of 1st period - Snap shot by Tomas Tatar.
11:47 of 1st period - Shot Misses the Net.
11:49 of 1st period - Slapshot by Jarred Tinordi.
11:49 of 1st period - Stopped by Louis Domingue without a rebound.
11:50 of 1st period - Radek Faksa wins face-off versus Jonathan Marchessault in Punishers zone.
12:15 of 1st period - Wrist shot by Tomas Tatar.
12:15 of 1st period - Stopped by Louis Domingue without a rebound.
12:16 of 1st period - John Quenneville wins face-off versus Drake Caggiula in Punishers zone.
12:21 of 1st period - Anthony Duclair is hit by Niko Mikkola and loses puck.
12:40 of 1st period - Ryan Murphy is hit by Carter Ashton and loses puck.
12:47 of 1st period - Slapshot by Carter Ashton.
12:47 of 1st period - Stopped by Marek Mazanek with a rebound.
12:49 of 1st period - Slapshot by Ben Betker.
12:49 of 1st period - Deflect By Jonathan Marchessault.
12:49 of 1st period - Stopped by Marek Mazanek without a rebound.
12:50 of 1st period - Jonathan Marchessault wins face-off versus Radek Faksa in Eagles zone.
12:59 of 1st period - Corey Tropp is hit by Jarred Tinordi and loses puck.
13:05 of 1st period - Off-side.
13:06 of 1st period - Drake Caggiula wins face-off versus Daniel Audette in neutral zone.
13:08 of 1st period - Minor Penalty to Drake Caggiula for Hooking.
13:09 of 1st period - Radek Faksa wins face-off versus Daniel Carr in Eagles zone.
13:23 of 1st period - Snap shot by Corey Tropp.
13:23 of 1st period - Shot Misses the Net.
13:25 of 1st period - Snap shot by Corey Tropp.
13:25 of 1st period - Shot Misses the Net.
13:51 of 1st period - Slapshot by Jonathan Marchessault.
13:51 of 1st period - Shot Misses the Net.
14:03 of 1st period - Slapshot by Brett Kulak.
14:03 of 1st period - Stopped by Marek Mazanek without a rebound.
14:04 of 1st period - Radek Faksa wins face-off versus Daniel Carr in Eagles zone.
14:29 of 1st period - Noah Juulsen is hit by Nick Cousins and loses puck.
14:38 of 1st period - Snap shot by Jonathan Marchessault.
14:38 of 1st period - Goal by Jonathan Marchessault - Punishers : 0 - Eagles : 1.
14:39 of 1st period - Daniel Carr wins face-off versus Radek Faksa in neutral zone.
15:08 of 1st period - Penalty to Drake Caggiula is over, Drake Caggiula is back on ice.
15:32 of 1st period - Snap shot by John Hayden.
15:32 of 1st period - Shot Misses the Net.
15:53 of 1st period - Tomas Tatar is hit by Niko Mikkola and loses puck.
16:10 of 1st period - Artem Zub is hit by Jonathan Racine and loses puck.
16:53 of 1st period - Snap shot by Corey Tropp.
16:53 of 1st period - Deflect By Joseph Blandisi.
16:53 of 1st period - Stopped by Marek Mazanek with a rebound.
16:55 of 1st period - Snap shot by Corey Tropp.
16:55 of 1st period - Stopped by Marek Mazanek without a rebound.
16:56 of 1st period - Jared McCann wins face-off versus Radek Faksa in Eagles zone.
17:17 of 1st period - Snap shot by Zach Aston-Reese.
17:17 of 1st period - Stopped by Louis Domingue with a rebound.
17:19 of 1st period - Snap shot by Jarred Tinordi.
17:19 of 1st period - Shot Blocked by Phillip Danault.
17:21 of 1st period - Wrist shot by Sam Steel.
17:21 of 1st period - Shot Blocked by Phillip Danault.
17:43 of 1st period - Snap shot by John Quenneville.
17:43 of 1st period - Stopped by Marek Mazanek with a rebound.
18:03 of 1st period - Snap shot by Daniel Audette.
18:03 of 1st period - Shot Misses the Net.
18:05 of 1st period - Slapshot by Noah Juulsen.
18:05 of 1st period - Shot Misses the Net.
18:07 of 1st period - Wrist shot by Noah Juulsen.
18:07 of 1st period - Stopped by Marek Mazanek with a rebound.
18:21 of 1st period - Wrist shot by Drake Caggiula.
18:21 of 1st period - Shot Blocked by Niko Mikkola.
18:23 of 1st period - Snap shot by Anthony Duclair.
18:23 of 1st period - Shot Misses the Net.
18:35 of 1st period - Snap shot by John Ramage.
18:35 of 1st period - Shot Blocked by Michael Joly.
18:41 of 1st period - Wrist shot by Zach Aston-Reese.
18:41 of 1st period - Stopped by Louis Domingue without a rebound.
18:42 of 1st period - John Quenneville wins face-off versus Jared McCann in Punishers zone.
19:03 of 1st period - Minor Penalty to Jared McCann for Cross-checking.
19:04 of 1st period - Daniel Carr wins face-off versus Radek Faksa in Eagles zone.
19:35 of 1st period - Snap shot by Carter Ashton.
19:35 of 1st period - Stopped by Marek Mazanek without a rebound.
19:36 of 1st period - John Quenneville wins face-off versus Nick Cousins in Eagles zone.
19:39 of 1st period - Wrist shot by John Quenneville.
19:39 of 1st period - Deflect By Oskar Lindblom.
19:39 of 1st period - Shot Misses the Net.
19:39 of 1st period - Puck is out of play.
19:40 of 1st period - John Quenneville wins face-off versus Jonathan Marchessault in Eagles zone.
19:43 of 1st period - Wrist shot by Oskar Lindblom.
19:43 of 1st period - Stopped by Marek Mazanek with a rebound.
19:45 of 1st period - Wrist shot by John Quenneville.
19:45 of 1st period - Shot Misses the Net.
19:47 of 1st period - Slapshot by Ben Betker.
19:47 of 1st period - Stopped by Marek Mazanek with a rebound.
19:49 of 1st period - Backhand shot by Oskar Lindblom.
19:49 of 1st period - Deflect By Carter Ashton.
19:49 of 1st period - Stopped by Marek Mazanek without a rebound.
19:50 of 1st period - Daniel Carr wins face-off versus Radek Faksa in Eagles zone.
Goals for this period are 0 for Punishers vs 1 for Eagles.
Shots for this period are 15 for Punishers vs 12 for Eagles.

2nd period


0:01 of 2nd period - Daniel Carr wins face-off versus Corey Tropp in neutral zone.
0:06 of 2nd period - Slapshot by Stefan Elliott.
0:06 of 2nd period - Shot Blocked by Phillip Danault.
0:16 of 2nd period - Snap shot by Radek Faksa.
0:16 of 2nd period - Goal by Radek Faksa - Punishers : 1 - Eagles : 1.
0:17 of 2nd period - Radek Faksa wins face-off versus Drake Caggiula in neutral zone.
0:24 of 2nd period - Stefan Elliott is hit by Brett Kulak and loses puck.
0:51 of 2nd period - Slapshot by John Quenneville.
0:51 of 2nd period - Stopped by Marek Mazanek with a rebound.
0:53 of 2nd period - Wrist shot by Carter Ashton.
0:53 of 2nd period - Shot Misses the Net.
1:05 of 2nd period - Noah Juulsen is hit by Jarred Tinordi and loses puck.
1:32 of 2nd period - Jarred Tinordi is hit by Michael Joly.
2:13 of 2nd period - Slapshot by Jonathan Marchessault.
2:13 of 2nd period - Stopped by Louis Domingue without a rebound.
2:14 of 2nd period - Tomas Tatar wins face-off versus John Quenneville in Punishers zone.
2:41 of 2nd period - Daniel Audette is hit by Daniel Carr and loses puck.
3:06 of 2nd period - Snap shot by Radek Faksa.
3:06 of 2nd period - Shot Blocked by Jared McCann.
3:52 of 2nd period - Wrist shot by Michael Joly.
3:52 of 2nd period - Deflect By Daniel Carr.
3:52 of 2nd period - Shot Misses the Net.
3:52 of 2nd period - Puck is out of play.
3:53 of 2nd period - Nick Cousins wins face-off versus Radek Faksa in Eagles zone.
4:18 of 2nd period - Stefan Elliott is hit by Oskar Lindblom and loses puck.
4:51 of 2nd period - Drake Caggiula is hit by Noah Juulsen and loses puck.
6:23 of 2nd period - Slapshot by Jared McCann.
6:23 of 2nd period - Stopped by Louis Domingue with a rebound.
6:25 of 2nd period - Slapshot by Xavier Ouellet.
6:25 of 2nd period - Shot Blocked by Austen Brassard.
6:29 of 2nd period - Snap shot by Jared McCann.
6:29 of 2nd period - Stopped by Louis Domingue with a rebound.
7:25 of 2nd period - Off-side.
7:26 of 2nd period - Drake Caggiula wins face-off versus Radek Faksa in neutral zone.
7:40 of 2nd period - Minor Penalty to Joseph Blandisi for Hooking.
7:41 of 2nd period - Daniel Carr wins face-off versus Radek Faksa in Eagles zone.
8:48 of 2nd period - Noah Juulsen is hit by Jonathan Marchessault and loses puck.
9:10 of 2nd period - Brett Kulak is hit by Anthony Duclair.
9:27 of 2nd period - Icing by Carter Ashton.
9:28 of 2nd period - Daniel Carr wins face-off versus John Quenneville in Punishers zone.
9:40 of 2nd period - Penalty to Joseph Blandisi is over, Joseph Blandisi is back on ice.
9:45 of 2nd period - John Ramage is hit by Oskar Lindblom.
10:01 of 2nd period - Wrist shot by Jonathan Marchessault.
10:01 of 2nd period - Shot Blocked by Brett Kulak.
10:03 of 2nd period - Backhand shot by Keaton Middleton.
10:03 of 2nd period - Shot Misses the Net.
10:05 of 2nd period - Snap shot by Nick Cousins.
10:05 of 2nd period - Shot Blocked by Austen Brassard.
10:07 of 2nd period - Slapshot by Jonathan Marchessault.
10:07 of 2nd period - Stopped by Louis Domingue without a rebound.
10:08 of 2nd period - Drake Caggiula wins face-off versus John Quenneville in Punishers zone.
10:19 of 2nd period - Stefan Elliott is hit by Noah Juulsen and loses puck.
11:25 of 2nd period - Snap shot by Radek Faksa.
11:25 of 2nd period - Shot Blocked by Jonathan Marchessault.
11:39 of 2nd period - Slapshot by Ryan Murphy.
11:39 of 2nd period - Shot Blocked by Artem Zub.
11:57 of 2nd period - Wrist shot by Ryan Murphy.
11:57 of 2nd period - Shot Misses the Net.
11:59 of 2nd period - Slapshot by John Ramage.
11:59 of 2nd period - Stopped by Louis Domingue without a rebound.
12:00 of 2nd period - Radek Faksa wins face-off versus Sam Steel in Punishers zone.
12:00 of 2nd period - Radek Faksa is hit by Stefan Elliott.
12:11 of 2nd period - Slapshot by Jarred Tinordi.
12:11 of 2nd period - Shot Misses the Net.
12:13 of 2nd period - Slapshot by Jarred Tinordi.
12:13 of 2nd period - Deflect By Corey Tropp.
12:13 of 2nd period - Stopped by Louis Domingue with a rebound.
12:27 of 2nd period - Icing by Jarred Tinordi.
12:28 of 2nd period - Jonathan Marchessault wins face-off versus Carter Ashton in Eagles zone.
12:35 of 2nd period - Wrist shot by Jonathan Marchessault.
12:35 of 2nd period - Shot Misses the Net.
12:58 of 2nd period - Minor Penalty to Nick Cousins for Unsportsmanlike conduct.
12:59 of 2nd period - Radek Faksa wins face-off versus Daniel Carr in Eagles zone.
14:58 of 2nd period - Penalty to Nick Cousins is over, Nick Cousins is back on ice.
15:12 of 2nd period - Tomas Tatar is hit by Austen Brassard and loses puck.
15:27 of 2nd period - Snap shot by John Hayden.
15:27 of 2nd period - Stopped by Marek Mazanek without a rebound.
15:28 of 2nd period - Zach Aston-Reese wins face-off versus John Hayden in Eagles zone.
15:41 of 2nd period - Wrist shot by Zach Aston-Reese.
15:41 of 2nd period - Deflect By Tyler Motte.
15:41 of 2nd period - Stopped by Louis Domingue with a rebound.
15:55 of 2nd period - Snap shot by Artem Zub.
15:55 of 2nd period - Shot Misses the Net.
16:15 of 2nd period - Slapshot by Beck Malenstyn.
16:15 of 2nd period - Stopped by Marek Mazanek with a rebound.
16:17 of 2nd period - Slapshot by Michael Joly.
16:17 of 2nd period - Stopped by Marek Mazanek with a rebound.
16:19 of 2nd period - Wrist shot by John Hayden.
16:19 of 2nd period - Stopped by Marek Mazanek without a rebound.
16:20 of 2nd period - Jonathan Marchessault wins face-off versus Radek Faksa in Eagles zone.
16:45 of 2nd period - Sam Steel is hit by Carter Ashton and loses puck.
16:56 of 2nd period - Wrist shot by Zach Aston-Reese.
16:56 of 2nd period - Shot Misses the Net.
17:14 of 2nd period - Brett Kulak is hit by Ryan Murphy and loses puck.
17:33 of 2nd period - Snap shot by Nick Cousins.
17:33 of 2nd period - Stopped by Louis Domingue with a rebound.
17:35 of 2nd period - Slapshot by Stefan Elliott.
17:35 of 2nd period - Shot Misses the Net.
17:37 of 2nd period - Slapshot by Stefan Elliott.
17:37 of 2nd period - Shot Misses the Net.
17:39 of 2nd period - Snap shot by Daniel Carr.
17:39 of 2nd period - Shot Misses the Net.
17:41 of 2nd period - Wrist shot by Daniel Carr.
17:41 of 2nd period - Shot Misses the Net.
18:31 of 2nd period - Sam Steel is hit by Michael Joly and loses puck.
18:38 of 2nd period - Connor Carrick is hit by Oskar Lindblom and loses puck.
18:51 of 2nd period - Backhand shot by Daniel Carr.
18:51 of 2nd period - Shot Blocked by Radek Faksa.
18:53 of 2nd period - Snap shot by Xavier Ouellet.
18:53 of 2nd period - Stopped by Louis Domingue without a rebound.
18:54 of 2nd period - Radek Faksa wins face-off versus Nick Cousins in Punishers zone.
18:54 of 2nd period - Radek Faksa is hit by Ryan Murphy.
19:10 of 2nd period - Wrist shot by Corey Tropp.
19:10 of 2nd period - Shot Misses the Net.
19:20 of 2nd period - John Quenneville is hit by John Ramage and loses puck.
19:33 of 2nd period - Wrist shot by Tomas Tatar.
19:33 of 2nd period - Shot Blocked by Oskar Lindblom.
Goals for this period are 1 for Punishers vs 0 for Eagles.
Shots for this period are 6 for Punishers vs 9 for Eagles.

3rd period


0:01 of 3rd period - Radek Faksa wins face-off versus Jonathan Marchessault in neutral zone.
0:33 of 3rd period - Snap shot by Oskar Lindblom.
0:33 of 3rd period - Shot Misses the Net.
0:35 of 3rd period - Snap shot by Carter Ashton.
0:35 of 3rd period - Shot Misses the Net.
1:11 of 3rd period - Slapshot by John Hayden.
1:11 of 3rd period - Stopped by Marek Mazanek with a rebound.
1:13 of 3rd period - Wrist shot by John Hayden.
1:13 of 3rd period - Stopped by Marek Mazanek without a rebound.
1:14 of 3rd period - Radek Faksa wins face-off versus Jonathan Marchessault in Eagles zone.
2:00 of 3rd period - Icing by Ryan Murphy.
2:01 of 3rd period - Zach Aston-Reese wins face-off versus John Quenneville in Eagles zone.
2:06 of 3rd period - Backhand shot by Ryan Murphy.
2:06 of 3rd period - Shot Misses the Net.
2:08 of 3rd period - Slapshot by Tyler Motte.
2:08 of 3rd period - Shot Misses the Net.
2:34 of 3rd period - Snap shot by Radek Faksa.
2:34 of 3rd period - Stopped by Marek Mazanek with a rebound.
2:48 of 3rd period - Slapshot by Noah Juulsen.
2:48 of 3rd period - Shot Blocked by Connor Carrick.
2:50 of 3rd period - Backhand shot by Anton Blidh.
2:50 of 3rd period - Stopped by Marek Mazanek with a rebound.
2:52 of 3rd period - Snap shot by Ben Betker.
2:52 of 3rd period - Deflect By Drake Caggiula.
2:52 of 3rd period - Stopped by Marek Mazanek with a rebound.
2:54 of 3rd period - Slapshot by Ben Betker.
2:54 of 3rd period - Stopped by Marek Mazanek with a rebound.
2:56 of 3rd period - Snap shot by Austen Brassard.
2:56 of 3rd period - Stopped by Marek Mazanek without a rebound.
2:57 of 3rd period - Radek Faksa wins face-off versus Jonathan Marchessault in Eagles zone.
3:27 of 3rd period - Snap shot by Carter Ashton.
3:27 of 3rd period - Shot Blocked by Tomas Tatar.
3:29 of 3rd period - Wrist shot by Oskar Lindblom.
3:29 of 3rd period - Stopped by Marek Mazanek without a rebound.
3:30 of 3rd period - John Quenneville wins face-off versus Jonathan Marchessault in Eagles zone.
5:14 of 3rd period - Anton Blidh is hit by Tomas Tatar and loses puck.
6:13 of 3rd period - Anton Blidh is hit by Stefan Elliott and loses puck.
6:28 of 3rd period - Stefan Elliott is hit by Artem Zub and loses puck.
6:33 of 3rd period - Wrist shot by Artem Zub.
6:33 of 3rd period - Stopped by Marek Mazanek with a rebound.
6:35 of 3rd period - Snap shot by Brett Kulak.
6:35 of 3rd period - Deflect By Nick Cousins.
6:35 of 3rd period - Stopped by Marek Mazanek without a rebound.
6:36 of 3rd period - Radek Faksa wins face-off versus Drake Caggiula in Eagles zone.
7:42 of 3rd period - Icing by Jared McCann.
7:43 of 3rd period - Zach Aston-Reese wins face-off versus Radek Faksa in Eagles zone.
8:24 of 3rd period - Carter Ashton is hit by Daniel Carr.
8:33 of 3rd period - Off-side.
8:34 of 3rd period - Drake Caggiula wins face-off versus Daniel Audette in neutral zone.
8:43 of 3rd period - Drake Caggiula is hit by Daniel Audette and loses puck.
9:01 of 3rd period - Minor Penalty to Nick Cousins for Holding.
9:02 of 3rd period - Daniel Carr wins face-off versus Radek Faksa in Eagles zone.
10:13 of 3rd period - Ryan Murphy is hit by Corey Tropp and loses puck.
10:30 of 3rd period - Brett Kulak is hit by John Ramage and loses puck.
11:01 of 3rd period - Penalty to Nick Cousins is over, Nick Cousins is back on ice.
11:07 of 3rd period - Backhand shot by Zach Aston-Reese.
11:07 of 3rd period - Stopped by Louis Domingue with a rebound.
11:09 of 3rd period - Wrist shot by Sam Steel.
11:09 of 3rd period - Stopped by Louis Domingue with a rebound.
11:11 of 3rd period - Snap shot by Tyler Motte.
11:11 of 3rd period - Goal by Tyler Motte - Punishers : 1 - Eagles : 2.
11:12 of 3rd period - John Quenneville wins face-off versus Daniel Carr in neutral zone.
11:17 of 3rd period - Wrist shot by John Quenneville.
11:17 of 3rd period - Shot Blocked by Nick Cousins.
11:25 of 3rd period - John Quenneville is hit by Jonathan Marchessault and loses puck.
11:38 of 3rd period - Oskar Lindblom is hit by Matteson Iacopelli and loses puck.
11:55 of 3rd period - Snap shot by John Quenneville.
11:55 of 3rd period - Shot Misses the Net.
11:57 of 3rd period - Wrist shot by Oskar Lindblom.
11:57 of 3rd period - Stopped by Marek Mazanek with a rebound.
12:11 of 3rd period - Slapshot by John Quenneville.
12:11 of 3rd period - Deflect By Anthony Duclair.
12:11 of 3rd period - Shot Blocked by Ryan Murphy.
12:11 of 3rd period - Puck is out of play.
12:12 of 3rd period - Radek Faksa wins face-off versus Jonathan Marchessault in Eagles zone.
13:43 of 3rd period - Slapshot by Anton Blidh.
13:43 of 3rd period - Stopped by Marek Mazanek without a rebound.
13:44 of 3rd period - Daniel Audette wins face-off versus Drake Caggiula in Eagles zone.
13:47 of 3rd period - Slapshot by Austen Brassard.
13:47 of 3rd period - Shot Misses the Net.
13:49 of 3rd period - Snap shot by Daniel Audette.
13:49 of 3rd period - Shot Misses the Net.
13:51 of 3rd period - Snap shot by Anton Blidh.
13:51 of 3rd period - Shot Misses the Net.
13:53 of 3rd period - Snap shot by Artem Zub.
13:53 of 3rd period - Stopped by Marek Mazanek with a rebound.
14:19 of 3rd period - Slapshot by Jonathan Marchessault.
14:19 of 3rd period - Goal by Jonathan Marchessault - Punishers : 1 - Eagles : 3.
14:20 of 3rd period - Jonathan Marchessault wins face-off versus Radek Faksa in neutral zone.
15:29 of 3rd period - Slapshot by Stefan Elliott.
15:29 of 3rd period - Shot Hit the Post.
16:03 of 3rd period - Slapshot by Jarred Tinordi.
16:03 of 3rd period - Stopped by Louis Domingue with a rebound.
16:05 of 3rd period - Slapshot by Zach Aston-Reese.
16:05 of 3rd period - Goal by Zach Aston-Reese - Punishers : 1 - Eagles : 4.
16:06 of 3rd period - Radek Faksa wins face-off versus Drake Caggiula in neutral zone.
16:20 of 3rd period - Wrist shot by Corey Tropp.
16:20 of 3rd period - Shot Blocked by John Ramage.
16:22 of 3rd period - Snap shot by Brett Kulak.
16:22 of 3rd period - Stopped by Marek Mazanek without a rebound.
16:23 of 3rd period - Jonathan Marchessault wins face-off versus Carter Ashton in Eagles zone.
16:55 of 3rd period - Wrist shot by Corey Tropp.
16:55 of 3rd period - Goal by Corey Tropp - Punishers : 2 - Eagles : 4.
16:56 of 3rd period - Jared McCann wins face-off versus Radek Faksa in neutral zone.
17:03 of 3rd period - Artem Zub is hit by Joseph Blandisi and loses puck.
17:29 of 3rd period - Slapshot by Nick Cousins.
17:29 of 3rd period - Goal by Nick Cousins - Punishers : 2 - Eagles : 5.
17:30 of 3rd period - Radek Faksa wins face-off versus Jonathan Marchessault in neutral zone.
17:43 of 3rd period - Snap shot by Corey Tropp.
17:43 of 3rd period - Shot Misses the Net.
18:03 of 3rd period - Off-side.
18:04 of 3rd period - Jonathan Marchessault wins face-off versus Radek Faksa in neutral zone.
18:11 of 3rd period - Slapshot by Ryan Murphy.
18:11 of 3rd period - Stopped by Louis Domingue without a rebound.
18:12 of 3rd period - Jonathan Marchessault wins face-off versus Radek Faksa in Punishers zone.
18:15 of 3rd period - Slapshot by Nick Cousins.
18:15 of 3rd period - Stopped by Louis Domingue without a rebound.
18:16 of 3rd period - Jonathan Marchessault wins face-off versus Radek Faksa in Punishers zone.
18:17 of 3rd period - Snap shot by Nick Cousins.
18:17 of 3rd period - Stopped by Louis Domingue with a rebound.
19:01 of 3rd period - Wrist shot by Artem Zub.
19:01 of 3rd period - Stopped by Marek Mazanek without a rebound.
19:02 of 3rd period - Daniel Audette wins face-off versus Jared McCann in Eagles zone.
19:05 of 3rd period - Snap shot by Austen Brassard.
19:05 of 3rd period - Shot Misses the Net.
19:15 of 3rd period - Wrist shot by Austen Brassard.
19:15 of 3rd period - Stopped by Marek Mazanek with a rebound.
19:17 of 3rd period - Snap shot by Austen Brassard.
19:17 of 3rd period - Shot Misses the Net.
19:36 of 3rd period - Wrist shot by John Quenneville.
19:36 of 3rd period - Shot Blocked by Connor Carrick.
19:52 of 3rd period - Phillip Danault is hit by Xavier Ouellet and loses puck.
19:59 of 3rd period - Snap shot by Radek Faksa.
19:59 of 3rd period - Shot Misses the Net.
Goals for this period are 1 for Punishers vs 4 for Eagles.
Shots for this period are 17 for Punishers vs 10 for Eagles.